 Dungeon Crawl Stone Soup version 0.27.0-1-g7a089689b8 (webtiles) character file.

Game seed: 11733554598142078524

1143 wakim the Changer (level 8, 0/48 HPs)
             Began as an Octopode Transmuter on Aug 10, 2021.
             Killed by divine providence
             ... invoked by an orc priest
              (13 damage)
             ... on level 5 of the Dungeon.
             The game lasted 00:12:05 (7332 turns).

wakim the Changer (Octopode Transmuter)             Turns: 7332, Time: 00:12:05

Health: 0/48       AC:  1    Str: 10    XL:     8   Next: 37%
Magic:  5/12       EV: 12    Int: 16    God:
Gold:   277        SH:  4    Dex: 13    Spells: 4/13 levels left

rFire    . . .     SeeInvis .     - Unarmed
rCold    + . .     Faith    .   k - +1 buckler
rNeg     . . .     Spirit   .   (helmet restricted)
rPois    .         Reflect  .   (no amulet)
rElec    .         Harm     .   b - ring of protection from cold
rCorr    .         Rampage  .   (no ring)
Will     .....                  (no ring)
Stlth    +++.......             (no ring)
HPRegen  0.16/turn              (no ring)
MPRegen  0.13/turn              (no ring)
                                (no ring)
                                (no ring)

@: wereblooded
A: almost no armour, amphibious, 8 rings, camouflage 1, gelatinous body 1,
(nimble swimmer 1), tentacles
a: no special abilities


You were on level 5 of the Dungeon.
You visited 1 branch of the dungeon, and saw 6 of its levels.

You collected 277 gold pieces.

Inventory:

Armour
 k - a +1 buckler (worn)
Jewellery
 b - a ring of protection from cold (left tentacle)
Wands
 v - a wand of flame (18)
Scrolls
 T - 4 scrolls of teleportation
Potions
 a - a potion of haste {unknown}
 g - 2 potions of degeneration {unknown}
 h - 2 potions of heal wounds {unknown}
 F - a potion of curing
 I - a potion of invisibility
 L - 3 potions of lignification {!q}


   Skills:
 - Level 1.0 Fighting
 - Level 2.0 Dodging
 + Level 3.8 Stealth
 + Level 5.2 Unarmed Combat
 - Level 3.0 Spellcasting
 * Level 6.4 Transmutations
 + Level 4.1 Ice Magic
 - Level 2.0 Poison Magic


You had 4 spell levels left.
You knew the following spells:

 Your Spells              Type           Power      Damage    Failure   Level
b - Wereblood             Tmut           22%        N/A       3%          2
c - Ice Form              Ice/Tmut       19%        N/A       34%         4
x - Spider Form           Tmut/Pois      7%         N/A       17%         3

Your spell library contained the following spells:

 Spells                   Type           Power      Damage    Failure   Level
 Beastly Appendage        Tmut           44%        N/A       2%          1
 Animate Skeleton         Necr           4%         N/A       30%         1
 Pain                     Necr           8%         1d4       30%         1
 Vampiric Draining        Necr           1%         2d6       67%         3


Dungeon Overview and Level Annotations

Branches:
Dungeon (6/15)
 Temple: D:4-7

Altars:
Dithmenos
Fedhas
Kikubaaqudgha
Ru
Uskayaw

Shops:
D:2 ([*[


Innate Abilities, Weirdness & Mutations

You cannot wear most types of armour.
You are amphibious.
You can wear up to eight rings at the same time.
Your skin changes colour to match your surroundings (Stealth+).
Your rubbery body absorbs attacks. (AC +1, EV +1)
((You are camouflaged near water. (Stealth+)))
You have tentacles for arms and can constrict up to eight enemies at once.


Message History

The orc wizard mumbles some strange words.
The orc wizard flickers and vanishes!
Deactivating autopickup; reactivate with Ctrl-A.
The orc priest mumbles some strange prayers to Beogh against you.
Beogh smites you!
* * * LOW HITPOINT WARNING * * *
You hit the orc warrior.
The orc warrior is lightly wounded.
The orc warrior closely misses you.
You hit the orc warrior but do no damage.
The orc warrior is poisoned.
The orc warrior is lightly wounded.
You hit the orc warrior.
The orc warrior looks as sick as possible!
The orc warrior is moderately wounded.
The orc warrior closely misses you.
The orc priest looks braver for a moment.
You barely miss the orc warrior.
The orc warrior is severely wounded.
Your transformation is almost over.
The orc warrior barely misses you.
You hit the orc warrior but do no damage.
The orc warrior looks as sick as possible!
The orc warrior is almost dead.
The orc warrior hits you with a +1 antimagic war axe!
* * * LOW HITPOINT WARNING * * *
You feel your power leaking away.
You kill the orc warrior!
A magic dart appears from out of thin air!
The magic dart hits you.
* * * LOW HITPOINT WARNING * * *
The orc priest looks encouraged for a moment.
You hiss as the wereblood boils in your veins!
The orc priest casts a cantrip, but nothing happens.
You hiss as the wereblood boils in your veins!
Your transformation has ended.
Your +1 buckler unmelds from your body.
The orc priest invokes the aid of Beogh against you.
Beogh smites you!
You die...

#...# #.#
#........
#...#≈_≈##.####
#........
#...#...#.....#
#........
#...#.≈.#.....#
#........
#.=.#...#.....#
##.......
#o##.≈.#...###
#.......
#..#...#...#
#.......
##.#.≈.#...#
#.......
#)#...#..@#
##......
#.≈.≈.≈...####
#######
#.o≈.≈.......#
####o#.......#
#.........#
####......#
##.....#
#.....##########
#.....#.......^#


You could see an orc priest and an orc.

Vanquished Creatures
  A black bear (D:5)
  An orc warrior (D:5)
  2 necrophages
  An ogre (D:5)
  A phantom (D:4)
  A water moccasin skeleton (D:5)
  A centaur zombie (D:5)
  A bullfrog zombie (D:5)
  A hound (D:4)
  2 jellies
  2 orc priests (D:3)
  Crazy Yiuf (D:3)
  A scorpion zombie (D:5)
  Natasha (thrice) (D:2)
  2 iguanas
  An orc wizard (D:3)
  A hound skeleton (D:5)
  A howler monkey zombie (D:5)
  5 adders
  2 shadow imps
  An adder skeleton (D:3)
  A worm (D:4)
  4 dart slugs
  7 orcs (D:3)
  4 bats (D:1)
  5 endoplasms
  4 giant cockroaches
  2 hobgoblins
  4 jackals (D:1)
  6 kobolds
  3 quokkas
  8 ball pythons
  6 frilled lizards
  5 goblins
  2 rats
93 creatures vanquished.

Vanquished Creatures (others)
  9 plants (D:2)
9 creatures vanquished.

Grand Total: 102 creatures vanquished

Notes
Turn   | Place    | Note
-------+----------+-------------------------------------------
     0 | D:1      | wakim the Octopode Transmuter began the quest for the Orb.
     0 | D:1      | Reached XP level 1. HP: 13/13 MP: 3/3
   286 | D:1      | You fall into a shaft and drop 1 floor!
   293 | D:2      | Reached XP level 2. HP: 18/18 MP: 5/5
   296 | D:2      | Learned a level 2 spell: Wereblood
   650 | D:2      | Found Coaz's General Store.
   735 | D:2      | Found Emneav's Armour Shop.
   790 | D:2      | Found Wutippok's Antique Armour Emporium.
   922 | D:2      | Noticed Natasha
   932 | D:2      | Found Funoel's Weapon Shoppe.
   981 | D:1      | Reached skill level 1 in Poison Magic
   981 | D:1      | Reached XP level 3. HP: 23/23 MP: 3/6
   989 | D:1      | Learned a level 3 spell: Spider Form
  1976 | D:2      | Killed Natasha
  1977 | D:2      | Reached skill level 3 in Transmutations
  1977 | D:2      | Reached XP level 4. HP: 11/28 MP: 7/7
  1997 | D:2      | Noticed Natasha
  2172 | D:2      | Killed Natasha
  2277 | D:2      | Noticed Natasha
  2289 | D:2      | Killed Natasha
  2290 | D:2      | Reached XP level 5. HP: 30/33 MP: 4/9
  2668 | D:2      | Found Ihigy's Distillery.
  2751 | D:3      | HP: 1/33 [orc priest/divine providence (16)]
  2754 | D:3      | Reached skill level 4 in Transmutations
  3021 | D:3      | Learned a level 4 spell: Ice Form
  3068 | D:3      | Reached XP level 6. HP: 34/38 MP: 6/10
  3573 | D:3      | Reached skill level 1 in Ice Magic
  4242 | D:3      | Found a runed translucent door.
  4243 | D:3      | Noticed Crazy Yiuf
  4251 | D:3      | Killed Crazy Yiuf
  4729 | D:4      | Found a blossoming altar of Fedhas.
  5276 | D:4      | Found a hide-covered altar of Uskayaw.
  5447 | D:4      | Reached skill level 1 in Stealth
  5447 | D:4      | Reached skill level 5 in Transmutations
  5447 | D:4      | Reached XP level 7. HP: 21/43 MP: 7/11
  5683 | D:4      | Found a shadowy altar of Dithmenos.
  5683 | D:4      | Found an ancient bone altar of Kikubaaqudgha.
  5734 | D:5      | Entered Level 5 of the Dungeon
  6558 | D:5      | You fall into a shaft and drop 1 floor!
  6748 | D:5      | Reached skill level 6 in Transmutations
  6748 | D:5      | Reached XP level 8. HP: 48/48 MP: 6/12
  6858 | D:5      | Reached skill level 5 in Unarmed Combat
  7304 | D:5      | Found a sacrificial altar of Ru.
  7332 | D:5      | Killed from afar by an orc priest

Illustrated notes

Levels and vault maps discovered:
D:1:      lightli_arrival_statue_moat, layout_basic, chequers_garden
D:2:      minmay_door_path, layout_loops_ring, serial_shops, nicolae_shop_stone,
          shop, shop_statue, nicolae_shop_statue_plus, shop, glass_columns_c,
          serial_bayou_lagoon_a, uniq_natasha
D:3:      layout_rooms, minmay_misc_feat_cross, uniq_crazy_yiuf_cottage
D:4:      layout_rooms, nicolae_uskayaw_suspiria, mainiacjoe_overflow_paths,
          gammafunk_temple_overflow_wave, serial_glass, glass_columns_a,
          glass_columns_c, glass_columns_a, minmay_misc_feat_ornament
D:5:      layout_basic, nicolae_ru_path_of_blood, minmay_temple_entry_fiery
D:6:      layout_cave_pools, minivault_1, uniq_eustachio

Skill      XL: |  1  2  3  4  5  6  7  8 |
---------------+-------------------------+-----
Poison Magic   | 1 2 |  2.0
Transmutations | 3 4 5 6 |  6.4
Spellcasting   | 3 |  3.0
Unarmed Combat | 4 5 |  5.2
Ice Magic      | 2 3 4 |  4.1
Stealth        | 1 3 |  3.8
Fighting       | |  1.0
Dodging        | |  2.0

Action                   |  1- 3 |  4- 6 |  7- 9 || total
-------------------------+-------+-------+-------++-------
Melee: Unarmed           |    80 |   118 |    79 ||   277
       Constrict         |    18 |    17 |     7 ||    42
       Kick              |    15 |     5 |       ||    20
       Tentacles         |     7 |    15 |     7 ||    29
       Punch             |     1 |     1 |     1 ||     3
 Cast: Beastly Appendage |    14 |     6 |       ||    20
       Wereblood         |     1 |     4 |     1 ||     6
       Spider Form       |       |    13 |     7 ||    20
 Abil: End Transformatio |       |     1 |       ||     1
  Use: Scroll            |       |     6 |     1 ||     7
       Potion            |       |     2 |       ||     2
 Stab: Sleeping          |     7 |     3 |     1 ||    11
Armor: Skin              |    11 |     6 |     4 ||    21
Dodge: Dodged            |    39 |    72 |    59 ||   170
Block: Buckler           |       |     4 |     5 ||     9
